 Dungeon Crawl Stone Soup version 0.27.0-1-g7a089689b8 (webtiles) character file.

Game seed: 13123320061572985154

6 Spectrina the Magician (level 2, -1/21 HPs)
             Began as a Djinni Necromancer on Aug 17, 2021.
             Slain by a jackal (2 damage)
             ... on level 1 of the Dungeon.
             The game lasted 00:00:49 (87 turns).

Spectrina the Magician (Djinni Necromancer)           Turns: 87, Time: 00:00:49

Health: -1/21      AC:  2    Str:  7    XL:     2   Next: 0%
Gold:   0          EV: 12    Int: 16    God:
                   SH:  0    Dex: 13

rFire    + + .     SeeInvis .   b - +0 dagger
rCold    x . .     Faith    .   (no shield)
rNeg     . . .     Spirit   .   a - +0 robe
rPois    ∞         Reflect  .   (no helmet)
rElec    .         Harm     .   (no cloak)
rCorr    .         Rampage  .   (no gloves)
Will     .....                  (boots unavailable)
Stlth    ++........             (no amulet)
HPRegen  0.07/turn              (no ring)
MPRegen  0.00/turn              (no ring)

@: flying
A: sickness immunity, fire resistance 2, cold vulnerability 1, float, innate
caster, hp casting, extra vitality 1
a: no special abilities


You were on level 1 of the Dungeon.
You visited 1 branch of the dungeon, and saw 2 of its levels.

Inventory:

Hand Weapons
 b - a +0 dagger (weapon)
Armour
 a - a +0 robe (worn)


   Skills:
 - Level 2.1 Dodging
 - Level 1.5 Stealth
 + Level 3.5 Spellcasting


You couldn't memorise any spells.
You knew the following spells:

 Your Spells              Type           Power      Damage    Failure   Level
a - Pain                  Necr           56%        1d6       4%          1
b - Animate Skeleton      Necr           28%        N/A       4%          1
c - Vampiric Draining     Necr           7%         2d7       12%         3
d - Animate Dead          Necr           7%         N/A       38%         4
e - Agony                 Necr           14%        N/A       75%         5
Your spell library was empty.

Dungeon Overview and Level Annotations

Branches:
Dungeon (2/15)

Altars:


Innate Abilities, Weirdness & Mutations

You are immune to sickness and miasma.
You are immune to poison.
Your flesh is very heat resistant. (rF++)
You are vulnerable to cold. (rC-)
You float through the air rather than walking.
You learn spells naturally, not from books.
Your magical power is your life essence.
You have superior vitality. (+4 HP)


Message History

A jackal comes into view.
Found a stone staircase leading down.
Found a hand axe.
Unknown command.
The helpless jackal fails to defend itself.
You hit the jackal.
You kill the jackal!
You have reached level 2!
The jackal barks!
The jackal closely misses you.
You see here a jackal corpse.
Unknown command.
The jackal barks!
You barely miss the jackal. The jackal bites you.
* * * LOW HITPOINT WARNING * * *
You aren't carrying any potions.
You aren't carrying any scrolls.
You hit the jackal but do no damage. The jackal barely misses you.
The jackal bites you.
* * * LOW HITPOINT WARNING * * *
Unknown command.
You barely miss the jackal. The jackal closely misses you.
You barely miss the jackal. The jackal closely misses you.
The jackal misses you.
You hit the jackal.
The jackal is severely wounded.
The jackal barely misses you.
You hit the jackal.
The jackal is almost dead.
The jackal misses you.
You closely miss the jackal.
The jackal is almost dead.
The jackal barely misses you. The jackal closely misses you.
You closely miss the jackal.
The jackal is almost dead.
The jackal barely misses you.
You closely miss the jackal.
The jackal is almost dead.
The jackal bites you.
You die...

### ## #.# .# #>#
#.# #.# ####.# #.#
#.# #.##.###.# #.#
#........# #.####
#.##.##.†# #.##..
#@##.##..# #.##.#
#h##.##..# #.##.#
#.h.#.##.[####.##.#
#...................
#.....###..#.#####.#
#.....# #.†#.# #.#
...>.......#.# #.#
#...)......##.# #.#
#........####.# #.#


You could see 2 jackals.

Vanquished Creatures
  A hobgoblin (D:1)
  A jackal (D:1)
  A bat (D:1)
  A kobold (D:1)
  3 rats (D:1)
7 creatures vanquished.

Notes
Turn   | Place    | Note
-------+----------+-------------------------------------------
     0 | D:1      | Spectrina the Djinni Necromancer began the quest for the
                  | Orb.
     0 | D:1      | Reached XP level 1. HP: 15/15 MP: 0/0
    77 | D:1      | Reached XP level 2. HP: 6/21 MP: 0/0
    80 | D:1      | HP: 1/21 [jackal (3)]
    87 | D:1      | Slain by a jackal

Illustrated notes

Levels and vault maps discovered:
D:1:      lemuel_arrival_behind_the_door_small, layout_loops_ring,
          nrook_loot_triangle
D:2:      layout_loops_corners, glass_columns_b, uniq_sigmund

Action                   || total
-------------------------++-------
Melee: Dagger            ||    11
 Cast: Pain              ||     6
 Stab: Sleeping          ||     2
Dodge: Dodged            ||    10
